 Dungeon Crawl Stone Soup version 0.31.0-1-g2c135a0 (webtiles) character file.

Game seed: 14598964801001183176

4 yeetiebeetie the Conjurer (level 1, 0/14 HPs)
             Began as a Demigod Conjurer on Feb 19, 2024.
             Slain by a kobold
             ... wielding a +0 club
              (3 damage)
             ... on level 1 of the Dungeon.
             The game lasted 00:02:18 (233 turns).

yeetiebeetie the Conjurer (Demigod Conjurer)         Turns: 233, Time: 00:02:19

Health: 0/14       AC:  2    Str:  8    XL:     1   Next: 46%
Magic:  5/5        EV: 12    Int: 26    God:
Gold:   20         SH:  0    Dex: 12    Spells: 2/3 levels left

rFire   . . .        (no weapon)
rCold   . . .        (no shield)
rNeg    . . .        a - +0 robe
rPois   .            (no helmet)
rElec   .            (no cloak)
rCorr   .            (no gloves)
SInv    .            (no boots)
Will    .....        e - amulet of regeneration
Stlth   ++           d - +6 ring of intelligence
HPRegen 1.02/turn    (no ring)
MPRegen 0.09/turn

%: no passive effects
@: no status effects
A: high MP 1, forlorn, divine attributes
a: no special abilities


You were on level 1 of the Dungeon.
You visited 1 branch of the dungeon, and saw 1 of its levels.

You collected 20 gold pieces.

Inventory:

Armour
 a - a +0 robe (worn)
 f - a +0 chain mail
Jewellery
 d - a +6 ring of intelligence (left hand)
 e - an amulet of regeneration (around neck)
Potions
 b - a potion of magic
 c - a potion of brilliance {unknown}


   Skills:
 + Level 1.9 Dodging
 + Level 1.9 Stealth
 + Level 1.9 Spellcasting
 + Level 3.6 Conjurations


You had 2 spell levels left.
You knew the following spells:

 Your Spells              Type           Power      Damage    Failure   Level
a - Magic Dart            Conj           84%        1d7       2%          1

Your spell library contained the following spells:

 Spells                   Type           Power      Damage    Failure   Level
 Searing Ray              Conj           42%        2d6       3%          2
 Fulminant Prism          Conj/Alch      6%         3d7       45%         4
 Iskenderun's Mystic Bla  Conj/Tloc      12%        2d5       45%         4


Dungeon Overview and Level Annotations

Branches:
Dungeon (1/15)


Innate Abilities, Weirdness & Mutations

You have an increased reservoir of magic. (+10% MP)
You shall have no god before yourself.
Your divine heritage dramatically boosts your attributes as you level up.


Message History

The kobold closely misses you.
A kobold comes into view. It is wielding a +0 short sword.
The hobgoblin misses you.
The kobold shouts!
You hit the hobgoblin but do no damage.
The hobgoblin is heavily wounded.
A ball python comes into view.
The kobold hits you with a +0 club. The hobgoblin barely misses you.
You hit the hobgoblin.
The hobgoblin is severely wounded.
The kobold hits you with a +0 club.
* * * LOW HITPOINT WARNING * * *
The hobgoblin closely misses you.
You barely miss the hobgoblin.
The hobgoblin is severely wounded.
The kobold closely misses you. The hobgoblin hits you.
* * * LOW HITPOINT WARNING * * *
You hit the hobgoblin but do no damage.
The hobgoblin is severely wounded.
The hobgoblin misses you.
You barely miss the hobgoblin.
The hobgoblin is severely wounded.
The kobold hits you with a +0 club.
* * * LOW HITPOINT WARNING * * *
The kobold hits you with a +0 short sword.
* * * LOW HITPOINT WARNING * * *
The hobgoblin closely misses you.
You hit the hobgoblin.
The hobgoblin is almost dead.
The kobold hits you with a +0 short sword.
* * * LOW HITPOINT WARNING * * *
The kobold barely misses you. The hobgoblin misses you.
You barely miss the hobgoblin.
The hobgoblin is almost dead.
The kobold closely misses you. The kobold barely misses you.
The hobgoblin misses you.
You closely miss the hobgoblin.
The hobgoblin is almost dead.
The kobold hits you with a +0 club.
You die...

. #. #.# .##.# ..
.#.#. #.. ..... #..
...#.##.# .##.# ...
......#.# .... #.#
.#.#..#.#####.# # #.#
..............# #.#S#
#.............
#.#K##.#...#...†....#
#..K@g.....##........
###.##♣♣♣♣♣♣♣♣.......
#.#♣♣♣♣P...♣...#.##
#....♣P.♣♣...#.#.#
#.#♣...♣P♣♣♣.#.###
#.#♣♣♣♣♣♣♣ #.#.# #.#
#.#.# #.# #.#.# #.#
#...#


You could see a hobgoblin, a ball python and 2 kobolds.

Vanquished Creatures
  An endoplasm (D:1)
  3 bats (D:1)
4 creatures vanquished.

Notes
Turn   | Place    | Note
-------+----------+-------------------------------------------
     0 | D:1      | yeetiebeetie the Demigod Conjurer began the quest for the
                  | Orb.
     0 | D:1      | Reached XP level 1. HP: 14/14 MP: 5/5
   233 | D:1      | Slain by a kobold

Illustrated notes

Levels and vault maps discovered:
D:1:      nzn_arrival_depleted_hourglass, layout_basic, serial_forest,
          infiniplex_forest_straight_2, infiniplex_forest_lined_3_way,
          infiniplex_forest_corner_1, infiniplex_forest_clump_tiny,
          infiniplex_forest_zigzag_1

Action                     || total
---------------------------++-------
  Melee: Unarmed           ||    54
         Punch             ||     1
 Armour: Robe              ||    37
  Dodge: Dodged            ||    63
